 Dungeon Crawl Stone Soup version 0.25-a0-294-gea9b1ad378 (webtiles) character file.

Game seed: 9460403634621703855, levelgen mode: deterministic

75072 MoonlitKnight the Bludgeoner (level 15, -6/214 HPs)
             Began as a Minotaur Berserker on Dec 19, 2019.
             Was a High Priest of Trog.
             Mangled by a vault guard
             ... wielding a +0 long sword
              (7 damage)
             ... on level 13 of the Dungeon.
             The game lasted 01:04:30 (20794 turns).

MoonlitKnight the Bludgeoner (Minotaur Berserker)  Turns: 20794, Time: 01:04:31

Health: -6/214     AC: 21    Str: 33    XL:     15   Next: 8%
Magic:  14/14      EV: 15    Int:  4    God:    Trog [*****.]
Gold:   1575       SH:  0    Dex: 13    Spells: 14/14 levels left

rFire    . . .     SeeInvis +   a - +7 great mace (freeze)
rCold    + . .     Gourm    .   (shield currently unavailable)
rNeg     . . .     Faith    .   V - +4 chain mail {rPois}
rPois    +         Spirit   .   h - +2 hat {SInv}
rElec    .         Reflect  .   v - scarf {repulsion}
rCorr    .         Harm     .   g - +1 pair of gloves {Dex+3}
MR       +....                  (no boots)
Stlth    ..........             I - amulet of regeneration
HPRegen  0.85/turn              C - ring of poison resistance
MPRegen  0.14/turn              S - ring of protection from cold

@: berserking, repel missiles, very quick
A: retaliatory headbutt, horns 2
a: Berserk, Trog's Hand, Brothers in Arms, Renounce Religion


You were on level 13 of the Dungeon.
You worshipped Trog.
Trog was extremely pleased with you.
You were hungry.

You visited 4 branches of the dungeon, and saw 22 of its levels.
You visited the Abyss 1 time.
You also visited: Ossuary.

You collected 1905 gold pieces.
You spent 330 gold pieces at shops.

Inventory:

Hand Weapons
 a - a +7 great mace of freezing (weapon)
 b - a +5 antimagic executioner's axe
 n - a +4 dire flail of flaming
Missiles
 s - 7 silver javelins
 F - 43 poisoned darts (quivered)
 U - 7 javelins
Armour
 e - a +2 scale mail of fire resistance
 g - a +1 pair of gloves of dexterity (worn)
 h - a +2 hat of see invisible (worn)
 v - a scarf of repulsion (worn)
 V - a +4 chain mail of poison resistance (worn)
Jewellery
 C - a ring of poison resistance (left hand)
 E - a cursed amulet of guardian spirit {unknown}
 I - an amulet of regeneration (around neck)
 R - an uncursed ring of resist corrosion
 S - a ring of protection from cold (right hand)
Wands
 u - a wand of flame (49)
 y - a wand of iceblast (16)
 N - a wand of digging (2)
 O - a wand of paralysis (8)
 P - a wand of acid (29)
 T - a wand of scattershot (4)
 W - a wand of random effects (15)
 Y - a wand of disintegration (19)
Scrolls
 d - 6 scrolls of magic mapping
 f - 4 scrolls of enchant armour
 o - 4 scrolls of blinking
 w - 3 scrolls of immolation
 x - 5 scrolls of remove curse
 z - 3 scrolls of enchant weapon
 B - 7 scrolls of teleportation
 L - a scroll of brand weapon
 M - a scroll of fog
 Q - 2 scrolls of fear
Potions
 i - 2 potions of magic
 j - 5 potions of curing
 k - 5 potions of agility
 l - 2 potions of haste
 m - 3 potions of brilliance
 p - 5 potions of resistance
 q - 8 potions of flight
 r - 2 potions of heal wounds
 t - 3 potions of cancellation
 A - a potion of invisibility
 D - 4 potions of might
 G - 4 potions of mutation
 H - 2 potions of ambrosia
 J - 4 potions of lignification
 K - a potion of berserk rage {unknown}
Miscellaneous
 X - a fan of gales
Comestibles
 c - 36 rations
 Z - 8 chunks of flesh


   Skills:
 + Level 15.7 Fighting
 * Level 7.6(15.1) Axes
 - Level 20.0(20.3) Maces & Flails
 + Level 12.8 Armour
 - Level 10.0 Dodging


You had 14 spell levels left.
You didn't know any spells.
Your spell library was empty.

Dungeon Overview and Level Annotations

Branches:
Dungeon (13/15)            Temple (1/1) D:7            Lair (6/6) D:10
  Swamp (0/4) Lair:4       Spider (0/4) Lair:2        Slime (0/5) Lair:5
    Orc (2/2) D:9             Elf (0/3) Orc:2        Vaults (0/5) D:13
Ossuary (visited)

Altars:
Ashenzari
Cheibriados
Dithmenos
Elyvilon
Fedhas
Gozag
Hepliaklqana
Kikubaaqudgha
Makhleb
Nemelex Xobeh
Okawaru
Qazlal
Ru
Sif Muna
Trog
Uskayaw
Vehumet
Wu Jian
Xom
Yredelemnul
Zin
The Shining One
Beogh
Jiyva

Shops:
D:5 *   D:7 (   D:11 =   D:12 %   Orc:2 [(=

Portals:
Trove: D:12 (give 7 potions of agility)

Annotations:
D:13 Snorg


Innate Abilities, Weirdness & Mutations

You reflexively headbutt those who attack you in melee.
You have a pair of horns on your head.


Message History

You bludgeon the vault guard!! You freeze the vault guard.
You headbutt the vault guard!
The vault guard is heavily wounded.
Snorg goes berserk!
You bludgeon the vault guard!! You freeze the vault guard!
The vault guard is almost dead.
Snorg rages.
The vault guard hits you with a +0 long sword.
* * * LOW HITPOINT WARNING * * *
A red film seems to cover your vision as you go berserk!
You feel yourself moving faster!
You feel mighty!
You are feeling hungry.
Snorg bites you!!
* * * LOW HITPOINT WARNING * * *
Snorg claws you!
* * * LOW HITPOINT WARNING * * *
Snorg claws you!
* * * LOW HITPOINT WARNING * * *
The vault guard hits you with a +0 long sword!
You die...

#.# ###... ##.# ###.....
##..###...#...
##.........#..#
#..#.####.##..(
###.#).((%((##.((
########.((.).####....(.
#..................###.#
..##†@.....##...## #)#
##pT(..## #.......#
##...## ##....... ##)##
#....... ... #...>....
#...# ......... .....
......... ...∩...
......... .......


You could see Snorg (berserk) and a vault guard.

Vanquished Creatures
  A tentacled starspawn (Abyss:1)
  2 orc warlords
  2 vault guards (D:13)
  7 hydras
  2 catoblepae
  Erica (D:8)
  2 centaur warriors (D:13)
  2 two-headed ogres
  11 death yaks
  A deep troll shaman (Lair:6)
  2 tengu warriors (D:13)
  Urug (D:11)
  A thrashing horror (Abyss:1)
  Sonja (D:13)
  A wretched star (Abyss:1)
  An unseen horror (D:13)
  A glowing orange brain (Abyss:1)
  2 starcursed masses (Abyss:1)
  A deep elf mage (D:13)
  An orb spider (Lair:2)
  2 ugly things
  6 orc sorcerers (Orc:2)
  2 manticores (D:12)
  2 cyclopes
  7 elephants (Lair:6)
  2 black mambas
  An apocalypse crab (Abyss:1)
  10 spiny frogs
  2 kobold demonologists (D:12)
  A freezing wraith (D:13)
  7 komodo dragons
  A rime drake (Lair:3)
  4 trolls
  4 polar bears
  A hornet (D:12)
  A bog body (Lair:4)
  10 hippogriffs
  Grinder (D:6)
  8 blink frogs
  4 dream sheep (Lair:2)
  6 flying skulls (Abyss:1)
  31 yaks
  2 vampires
  A ynoxinul (Abyss:1)
  3 wyverns
  4 hogs (D:13)
  4 hungry ghosts
  3 wraiths
  4 fire bats (Abyss:1)
  3 basilisks
  4 large abominations (Abyss:1)
  2 wargs
  15 water moccasins
  Edmund (D:6)
  8 porcupines
  4 sky beasts
  27 orc warriors
  4 ice beasts
  7 small abominations (Abyss:1)
  A phantom (D:4)
  8 ogres
  24 wolves
  8 crocodiles
  2 centaurs (D:13)
  A crocodile (shapeshifter) (D:13)
  3 big kobolds
  18 bullfrogs
  A water moccasin skeleton (D:7)
  A wyvern skeleton (D:6)
  A scorpion (D:8)
  6 killer bees (D:9)
  10 wights
  An electric eel (D:10)
  A bullfrog zombie (D:13)
  5 howler monkeys
  5 centaur zombies
  6 crimson imps
  2 quasits
  5 centaur skeletons
  3 human zombies (Ossuary)
  21 orc wizards
  21 orc priests
  4 hounds
  6 jellies
  2 bullfrog skeletons (D:12)
  6 iguanas
  8 worker ants
  A hound zombie (D:6)
  2 hound skeletons
  4 mummies (Ossuary)
  A worker ant zombie (D:11)
  4 gnolls
  13 adders
  A shadow imp (D:11)
  5 oozes (D:10)
  2 adder skeletons
  4 worms
  3 dart slugs
  5 leopard geckos
  88 orcs
  10 giant cockroaches
  15 goblins
  16 hobgoblins
  6 jackals
  8 quokkas
  7 bats
  12 frilled lizards
  3 goblin zombies (Ossuary)
  A hobgoblin zombie (Ossuary)
  26 kobolds
  A kobold zombie (Ossuary)
  10 rats
  A plant (Lair:6)
681 creatures vanquished.

Vanquished Creatures (others)
  Kirke (D:13)
  A worldbinder (Abyss:1)
  An orc (Orc:2)
  9 fungi
  5 plants
  2 starspawn tentacles (Abyss:1)
19 creatures vanquished.

Grand Total: 700 creatures vanquished

Notes
Turn   | Place    | Note
-------+----------+-------------------------------------------
     0 | D:1      | MoonlitKnight the Minotaur Berserker began the quest for
                  | the Orb.
     0 | D:1      | Reached XP level 1. HP: 19/19 MP: 0/0
   246 | D:1      | Reached skill level 4 in Maces & Flails
   262 | D:1      | Reached XP level 2. HP: 24/27 MP: 1/1
   647 | D:1      | Reached XP level 3. HP: 33/33 MP: 2/2
   791 | D:1      | Reached ** piety under Trog
  1187 | D:2      | Found an ornate altar of the Wu Jian Council.
  1323 | D:2      | Reached skill level 5 in Maces & Flails
  1323 | D:2      | Reached XP level 4. HP: 41/41 MP: 3/3
  1692 | D:2      | Found a shimmering blue altar of Sif Muna.
  1856 | D:3      | Found a sparkling altar of Nemelex Xobeh.
  2110 | D:3      | Found an ancient bone altar of Kikubaaqudgha.
  2112 | D:3      | Found a blossoming altar of Fedhas.
  2125 | D:3      | Reached XP level 5. HP: 44/47 MP: 4/4
  2261 | D:3      | Reached *** piety under Trog
  2513 | D:4      | Reached skill level 6 in Maces & Flails
  2514 | D:4      | Found a shadowy altar of Dithmenos.
  2522 | D:4      | Reached skill level 5 in Fighting
  2529 | D:4      | Noticed a phantom
  2563 | D:4      | Killed a phantom
  2563 | D:4      | Reached XP level 6. HP: 44/56 MP: 5/5
  3578 | D:5      | Entered Level 5 of the Dungeon
  3674 | D:5      | Reached skill level 7 in Maces & Flails
  3709 | D:5      | Found Peaduodu's Assorted Antiques.
  3774 | D:5      | Reached skill level 5 in Armour
  3774 | D:5      | Reached XP level 7. HP: 22/62 MP: 6/6
  4231 | D:5      | Reached skill level 8 in Maces & Flails
  4291 | D:5      | Reached XP level 8. HP: 9/71 MP: 7/7
  4585 | D:5      | Reached **** piety under Trog
  4721 | D:5      | Found an opulent altar of Gozag.
  4835 | D:5      | Reached skill level 9 in Maces & Flails
  5122 | D:6      | Found a sand-covered staircase.
  5127 | Ossuary  | Entered an ossuary
  5559 | D:6      | Noticed Edmund
  5568 | D:6      | Killed Edmund
  5568 | D:6      | Reached skill level 10 in Maces & Flails
  5623 | D:6      | Noticed Grinder
  5628 | D:6      | Killed Grinder
  5783 | D:6      | Reached XP level 9. HP: 81/81 MP: 8/8
  6138 | D:7      | Reached ***** piety under Trog
  6138 | D:7      | Received a gift from Trog
  6156 | D:7      | Found Seugh's Weapon Emporium.
  6165 | D:7      | Found a shattered altar of Ashenzari.
  6292 | D:7      | Reached skill level 11 in Maces & Flails
  6486 | D:7      | Found a staircase to the Ecumenical Temple.
  7095 | D:8      | Noticed Erica
  7106 | D:8      | Killed Erica
  7106 | D:8      | Reached skill level 12 in Maces & Flails
  7443 | D:8      | Reached XP level 10. HP: 88/91 MP: 9/9
  7609 | D:9      | Found a snail-covered altar of Cheibriados.
  7788 | D:9      | Found a bloodstained altar of Trog.
  7920 | D:9      | Found a stormy altar of Qazlal.
  7920 | D:9      | Found a sacrificial altar of Ru.
  7972 | D:9      | Reached skill level 13 in Maces & Flails
  8020 | D:9      | Reached skill level 10 in Fighting
  8025 | D:9      | Received a gift from Trog
  8029 | D:9      | Found a staircase to the Orcish Mines.
  8550 | D:10     | Entered Level 10 of the Dungeon
  8641 | D:10     | Reached skill level 10 in Armour
  8700 | D:10     | Found a staircase to the Lair.
  8942 | Lair:1   | Entered Level 1 of the Lair of Beasts
  8950 | Lair:1   | Reached skill level 14 in Maces & Flails
  9030 | Lair:1   | You fall into a shaft and drop 1 floor!
  9031 | Lair:2   | Noticed a spiny frog
  9037 | Lair:2   | Killed a spiny frog
  9319 | Lair:2   | Reached XP level 11. HP: 88/101 MP: 10/10
 10330 | Lair:2   | Found a hole to the Spider Nest.
 10330 | Lair:2   | Noticed an orb spider
 10344 | Lair:2   | Killed an orb spider
 10344 | Lair:2   | Reached skill level 15 in Maces & Flails
 10371 | Lair:2   | Noticed a five-headed hydra
 10379 | Lair:2   | Killed a five-headed hydra
 11238 | Lair:3   | Received a gift from Trog
 11281 | Lair:3   | Noticed a death yak
 11281 | Lair:3   | Noticed a death yak
 11282 | Lair:3   | Noticed a death yak
 11283 | Lair:3   | Noticed a death yak
 11284 | Lair:3   | Noticed a death yak
 11289 | Lair:3   | Killed a death yak
 11289 | Lair:3   | Noticed a death yak
 11302 | Lair:3   | Killed a death yak
 11304 | Lair:3   | Killed a death yak
 11304 | Lair:3   | Reached skill level 16 in Maces & Flails
 11304 | Lair:3   | Reached XP level 12. HP: 68/112 MP: 11/11
 11305 | Lair:3   | Killed a death yak
 11307 | Lair:3   | Killed a death yak
 11307 | Lair:3   | Reached skill level 5 in Dodging
 11310 | Lair:3   | Killed a death yak
 12161 | Lair:4   | Noticed a five-headed hydra
 12167 | Lair:4   | Killed a five-headed hydra
 12216 | Lair:4   | Noticed a seven-headed hydra
 12217 | Lair:4   | Noticed a seven-headed hydra
 12223 | Lair:4   | Killed a seven-headed hydra
 12223 | Lair:4   | Reached skill level 17 in Maces & Flails
 12227 | Lair:4   | Killed a seven-headed hydra
 13145 | Lair:4   | Found a staircase to the Swamp.
 13494 | Lair:5   | Found a staircase to the Slime Pits.
 13495 | Lair:5   | Found a viscous altar of Jiyva.
 13953 | Lair:5   | Reached XP level 13. HP: 122/122 MP: 12/12
 14546 | Lair:6   | Entered Level 6 of the Lair of Beasts
 14618 | Lair:6   | Received a gift from Trog
 14644 | Lair:6   | Reached skill level 18 in Maces & Flails
 15212 | Lair:6   | Found the +3 giant club "Skullcrusher" {speed, Str+7}
 16098 | Temple   | Entered the Ecumenical Temple
 16245 | Orc:1    | Entered Level 1 of the Orcish Mines
 16245 | Orc:1    | Found a radiant altar of Vehumet.
 16247 | Orc:1    | Noticed an orc warlord
 16259 | Orc:1    | Reached skill level 19 in Maces & Flails
 16262 | Orc:1    | Killed an orc warlord
 16288 | Orc:1    | HP: 1/125 [orc warrior/boomerang (10)]
 16866 | Orc:2    | Entered Level 2 of the Orcish Mines
 16866 | Orc:2    | Found a staircase to the Elven Halls.
 17018 | Orc:2    | Found a bloodstained altar of Trog.
 17117 | Orc:2    | Found a roughly hewn altar of Beogh.
 17135 | Orc:2    | Found Fof Weob's Armour Shoppe.
 17173 | Orc:2    | Received a gift from Trog
 17269 | Orc:2    | Found a roughly hewn altar of Beogh.
 17270 | Orc:2    | Found Zohoq's Jewellery Boutique.
 17282 | Orc:2    | Paralysed by an orc sorcerer for 2 turns
 17289 | Orc:2    | Reached XP level 14. HP: 133/133 MP: 13/13
 17567 | Orc:2    | Found a roughly hewn altar of Beogh.
 17604 | Orc:2    | Found a roughly hewn altar of Beogh.
 17682 | Orc:2    | Noticed an orc warlord
 17701 | Orc:2    | Paralysed by an orc sorcerer for 3 turns
 17707 | Orc:2    | Received a gift from Trog
 17715 | Orc:2    | Killed an orc warlord
 17757 | Orc:2    | Found Cuhenac's Antique Weapon Shop.
 17758 | Orc:2    | Found a roughly hewn altar of Beogh.
 17759 | Orc:2    | Found Pipiaw's Antique Armour Boutique.
 18547 | D:11     | Found Yriaciques's Jewellery Shop.
 18555 | D:11     | Bought an uncursed amulet of regeneration for 330 gold
                  | pieces
 18628 | D:11     | Noticed Urug
 18641 | D:11     | Killed Urug
 18888 | D:11     | Cast into level 1 of the Abyss (orc wizard)
 18982 | Abyss:1  | Reached skill level 10 in Dodging
 19025 | Abyss:1  | Received a gift from Trog
 19047 | Abyss:1  | Noticed a tentacled starspawn
 19054 | Abyss:1  | Killed a tentacled starspawn
 19066 | Abyss:1  | Reached skill level 15 in Fighting
 19148 | Abyss:1  | Noticed a starcursed mass
 19164 | Abyss:1  | Reached skill level 1 in Axes
 19164 | Abyss:1  | Reached skill level 20 in Maces & Flails
 19243 | Abyss:1  | Noticed a purple very ugly thing
 19261 | Abyss:1  | HP: 3/135 [jumping spider[a worldbinder] (8)]
 19314 | D:11     | Escaped the Abyss
 19673 | D:12     | Identified the +4 scale mail of Zeuf Dia {rF+ Int+4}
 19760 | D:12     | Received a gift from Trog
 19940 | D:12     | Found a portal to a secret trove of treasure.
 19951 | D:12     | Identified a scroll of acquirement
 20066 | D:12     | Found Woleef's Food Boutique.
 20412 | D:13     | Reached skill level 5 in Axes
 20508 | D:13     | Noticed Sonja
 20522 | D:13     | Killed Sonja
 20543 | D:13     | Noticed Kirke
 20569 | D:13     | Killed Kirke
 20748 | D:13     | Reached XP level 15. HP: 86/141 MP: 14/14
 20771 | D:13     | Found a gate to the Vaults.
 20783 | D:13     | Noticed Snorg
 20794 | D:13     | HP: 8/214 [Snorg (7)]
 20794 | D:13     | HP: 1/214 [Snorg (7)]
 20794 | D:13     | Mangled by a vault guard

Levels and vault maps discovered:
D:1:      co_arrival_random_square_maze, layout_loops_ring,
          minmay_close_crescents
D:2:      layout_loops_ring, lemuel_crystal_altar, led_sif_pool
D:3:      layout_basic, grunt_temple_overflow_growth_and_decay,
          nemelex_xobeh_ov_fountains_minmay
D:4:      layout_basic, nicolae_dithmenos_through_a_glass_darkly,
          kennysheep_diamond, sigmund_army
D:5:      corexii_shantytown, layout_basic, grunt_gozag_statues, serial_shops,
          shop, first_ration
D:6:      layout_cave_pods, lightli_ossuary_entry_decrepit_ruins, uniq_edmund,
          uniq_grinder
D:7:      layout_basic, nicolae_overflow_crystal_walls,
          minmay_temple_entry_enclosed_plants, serial_shops, kennysheep_mini
D:8:      layout_basic, uniq_erica
D:9:      layout_loops_corners, lemuel_coloured_pillars_altar, bloody_trog,
          amethyst_overflow_temple_binary, orc_0_dummy
D:10:     layout_big_octagon, lair_entry_dummy, hangedman_little_slice_of_home
D:11:     layout_roguey, serial_shops, nicolae_shop_statue_plus, uniq_urug
D:12:     layout_gridville, serial_shops, shop, nicolae_trove_entry_free_sample,
          nicolae_two_hexagons
D:13:     layout_rooms, lightli_vaults_fourway_checkpoint,
          chequers_serial_rivers_marsh, chequers_serial_rivers_micro_b, pond,
          uniq_snorg, uniq_kirke, uniq_sonja
Temple:   eino_wide_crystal_templ
Lair:1:   layout_roguey, minivault_25
Lair:2:   layout_misc_corridors, nicolae_spider_entry_orb_guardian,
          grunt_megastairs_3
Lair:3:   layout_hall_layers, grunt_megastairs_1
Lair:4:   layout_long_grid, skrybe_swamp_entry_bodies
Lair:5:   layout_cave_pods, slime_altar_1, lemuel_fruit_fields
Lair:6:   grunt_lair_end_beastmaster, layout_loops_ring, grunt_megastairs_2
Orc:1:    layout_caves, basic_altar, uniq_fannar
Orc:2:    grunt_orc_community_town_hall, layout_caves,
          grunt_orc_community_big_house_1, grunt_orc_community_big_house_1,
          grunt_orc_community_house_3, grunt_orc_community_house_2,
          grunt_orc_community_house_1, grunt_orc_community_house_1, basic_altar,
          nicolae_orc_lava_room

Skill      XL: |  1  2  3  4  5  6  7  8  9 10 11 12 13 14 15 |
---------------+----------------------------------------------+-----
Maces & Flails | 4 5 6 7 8 10 12 14 16 17 19 20 | 20.0
Fighting       | 4 5 6 7 9 10 12 13 14 15 | 15.7
Armour         | 3 4 5 6 7 8 10 11 12 | 12.8
Dodging        | 4 7 9 10 | 10.0
Axes           | 6 7 |  7.6

Action                   |  1- 3 |  4- 6 |  7- 9 | 10-12 | 13-15 || total
-------------------------+-------+-------+-------+-------+-------++-------
Melee: Mace              |    35 |       |       |       |       ||    35
       Headbutt          |    13 |    43 |    92 |    73 |   150 ||   371
       Whip              |    62 |   163 |   239 |       |       ||   464
       Dire flail        |       |       |    95 |    59 |    37 ||   191
       Demon whip        |       |       |    20 |       |       ||    20
       Great mace        |       |       |       |   297 |   617 ||   914
       Executioner's axe |       |       |       |       |    53 ||    53
Throw: Dart              |       |       |       |       |    18 ||    18
Invok: Berserk           |       |       |     1 |     2 |     7 ||    10
       Trog's Hand       |       |       |     1 |     1 |     5 ||     7
  Use: Scroll            |       |     2 |       |    25 |     7 ||    34
       Potion            |       |       |       |       |     2 ||     2
  Eat: Chunk             |     1 |     8 |    13 |    20 |    22 ||    64
       Ration            |       |       |       |     1 |     3 ||     4
Armor: Animal skin       |    19 |       |       |       |       ||    19
       Ring mail         |     4 |    40 |       |       |       ||    44
       Chain mail        |       |    21 |   124 |   151 |   390 ||   686
       Scale mail        |       |       |    31 |    42 |       ||    73
Dodge: Dodged            |    61 |    73 |   123 |   226 |   495 ||   978
       Deflected         |       |       |       |       |    10 ||    10

Table legend:
 A = Non-vault XP
 B = Vault XP
 C = Vault XP percentage of total XP
 D = Non-vault monster count
 E = Vault monster count
 F = Vault count percentage of total count
                 A         B        C        D         E       F
            +---------+---------+-------+---------+---------+-------
      Total |   77566 |   29681 |  27.7 |     507 |     176 |  25.8
            +---------+---------+-------+---------+---------+-------
        D:1 |      50 |       8 |  13.8 |      23 |       7 |  23.3
        D:2 |      92 |       0 |   0.0 |      25 |       0 |   0.0
        D:3 |      51 |       0 |   0.0 |      13 |       0 |   0.0
        D:4 |     329 |      57 |  14.8 |      20 |       5 |  20.0
        D:5 |     933 |      83 |   8.2 |      24 |      29 |  54.7
        D:6 |     761 |     408 |  34.9 |      20 |       2 |   9.1
        D:7 |     755 |       0 |   0.0 |      20 |       0 |   0.0
        D:8 |     969 |     923 |  48.8 |      12 |       1 |   7.7
        D:9 |    3160 |       0 |   0.0 |      32 |       0 |   0.0
       D:10 |     901 |     161 |  15.2 |      14 |       8 |  36.4
       D:11 |    4455 |     851 |  16.0 |      53 |       1 |   1.9
       D:12 |    5526 |       0 |   0.0 |      35 |       0 |   0.0
       D:13 |    8398 |    6999 |  45.5 |      19 |      16 |  45.7
     Lair:1 |    2099 |       0 |   0.0 |      11 |       0 |   0.0
     Lair:2 |    5416 |    1378 |  20.3 |      23 |       3 |  11.5
     Lair:3 |    7615 |     299 |   3.8 |      15 |       2 |  11.8
     Lair:4 |    9216 |     262 |   2.8 |      38 |       1 |   2.6
     Lair:5 |    3003 |       0 |   0.0 |      14 |       0 |   0.0
     Lair:6 |    7374 |   10529 |  58.8 |      24 |      22 |  47.8
      Orc:1 |    3041 |       0 |   0.0 |      23 |       0 |   0.0
      Orc:2 |    2401 |    7519 |  75.8 |      15 |      67 |  81.7
    Abyss:1 |   11021 |       0 |   0.0 |      34 |       0 |   0.0
    Ossuary |       0 |     204 | 100.0 |       0 |      12 | 100.0
            +---------+---------+-------+---------+---------+-------
